 Dungeon Crawl Stone Soup version 0.22.1-2-g9c5b331 (webtiles) character file.

4018 whitewolfNL the Basher (level 10, -6/83 HPs)
             Began as a Minotaur Berserker on Nov 27, 2018.
             Was a High Priest of Trog.
             Splashed by Joseph's acid (11 damage)
             ... on level 8 of the Dungeon.
             The game lasted 00:38:22 (7579 turns).

whitewolfNL the Basher (Minotaur Berserker)         Turns: 7579, Time: 00:38:23

Health: -6/83      AC: 11    Str: 21    XL:     10   Next: 3%
Magic:  10/10      EV: 10    Int:  7    God:    Trog [*****.]
Gold:   433        SH:  7    Dex: 13    Spells: 9/9 levels left

rFire    x . .     SeeInvis .   m - +2 whip (elec)
rCold    + . .     Gourm    .   G - +3 buckler {reflect}
rNeg     . . .     Faith    .   w - +0 chain mail (curse)
rPois    .         Spirit   .   (helmet restricted)
rElec    .         Reflect  +   H - scarf {repulsion}
rCorr    .         Harm     .   (no gloves)
MR       .....                  (no boots)
Stlth    ..........             (no amulet)
HPRegen  0.23/turn              A - ring of ice
MPRegen  0.12/turn              z - +2 ring of intelligence

@: about to teleport, berserk cooldown, slowed, repel missiles, very slow
A: retaliatory headbutt, horns 2
a: Berserk, Trog's Hand, Brothers in Arms, Renounce Religion


You were on level 8 of the Dungeon.
You worshipped Trog.
Trog was extremely pleased with you.
You were very hungry.

You visited 1 branch of the dungeon, and saw 8 of its levels.
You also visited: Ossuary.

You collected 433 gold pieces.

Inventory:

Hand Weapons
 m - a +2 whip of electrocution (weapon)
 n - a +0 arbalest
 E - a +4 hunting sling
 J - a +2 dagger of flaming
Missiles
 a - 106 sling bullets
 h - 222 stones (quivered)
 j - 4 throwing nets
 k - 127 arrows
 B - 23 bolts
Armour
 w - a cursed +0 chain mail (worn)
 G - a +3 buckler of reflection (worn)
 H - a scarf of repulsion (worn)
 N - a +0 chain mail
Jewellery
 q - an uncursed ring of ice
 z - a +2 ring of intelligence (right hand)
 A - a ring of ice (left hand)
Wands
 p - a wand of polymorph (24)
 u - a wand of disintegration (13)
 y - a wand of acid (8)
 K - a wand of iceblast (11)
Scrolls
 d - 10 scrolls of remove curse
 g - 3 scrolls of magic mapping
 o - 4 scrolls of teleportation
 r - a scroll of blinking {unknown}
 C - a scroll of fog
 I - a scroll of enchant weapon {unknown}
 L - a scroll of identify
Potions
 b - 3 potions of haste
 f - 5 potions of lignification
 i - a potion of agility {unknown}
 l - 7 potions of curing
 s - 4 potions of ambrosia
 t - 2 potions of flight
 v - 4 potions of might
 D - 2 potions of cancellation
 F - a potion of invisibility {unknown}
Comestibles
 c - 17 rations
 x - a chunk of flesh


   Skills:
 + Level 6.0 Fighting
 * Level 10.7 Maces & Flails
 * Level 3.4 Crossbows
 * Level 9.1 Armour
 * Level 5.4 Dodging
 - Level 4.0 Stealth
 * Level 2.2 Shields
 * Level 2.5 Evocations


You had 9 spell levels left.
You didn't know any spells.
Your spell library was empty.

Dungeon Overview and Level Annotations

Branches:
Dungeon (8/15)             Temple (0/1) D:4
   Lair: D:8-11

Altars:
Ashenzari
Cheibriados
Dithmenos
Fedhas
Makhleb
Qazlal
Trog
Xom
Yredelemnul
Zin
The Shining One

Shops:
D:8 :

Annotations:
D:8 Joseph


Innate Abilities, Weirdness & Mutations

You reflexively headbutt those who attack you in melee.
You have a pair of horns on your head.


Message History

You block Joseph's attack.
You hit Joseph but do no damage. Lightning courses through Joseph!
Your headbutt misses Joseph.
Joseph is heavily wounded.
Joseph says, "I'm here to kill trespassers.
I like my job."
Joseph hits you with an uncursed quarterstaff of protection!
You hit Joseph but do no damage. Your headbutt misses Joseph.
Joseph is heavily wounded.
Joseph zaps a wand.
The bolt of acid hits you!
* * * LOW HITPOINT WARNING * * *
You are splashed with acid!
The acid burns!
* * * LOW HITPOINT WARNING * * *
You feel much better.
Joseph hits you with an uncursed quarterstaff of protection!
* * * LOW HITPOINT WARNING * * *
As you read the scroll of teleportation, it crumbles to dust.
You feel strangely unstable.
Joseph zaps a wand.
The bolt of acid hits you!
* * * LOW HITPOINT WARNING * * *
You are splashed with acid!
The acid burns!
You die...

#.# #c# #.# #.# #.# #.# #.# #.#
#.# #.##
############.######)###..#
....>.......#.(@@....(...#
.....#######.#.####((##..#######
.....#######.# #.............
............. #.###..########
.....######## #.###..........
..##.# #......######## ..##.#
#####..# ####.# #รท.# #.# #..#


You could see Joseph.

Vanquished Creatures
  A two-headed ogre (D:8)
  A hippogriff (D:5)
  3 hungry ghosts (D:7)
  A water moccasin (D:6)
  Purgy (D:4)
  3 ogres
  A necrophage (D:7)
  2 centaurs
  A phantom (D:7)
  A big kobold (D:7)
  5 bullfrogs
  2 scorpions
  A water moccasin skeleton (D:8)
  5 howler monkeys
  A crimson imp (D:5)
  2 centaur zombies (D:5)
  5 hounds
  A jelly (D:5)
  2 orc priests
  4 orc wizards
  2 bullfrog skeletons (D:8)
  Jessica (D:3)
  Natasha (thrice) (D:3)
  3 iguanas
  Ijyb (D:3)
  5 worker ants
  A big kobold zombie (Ossuary)
  2 hound zombies
  4 mummies (Ossuary)
  2 howler monkey zombies
  A worker ant zombie (D:5)
  Robin (D:3)
  2 gnolls (D:2)
  4 adders
  2 shadow imps
  3 oozes
  3 adder skeletons
  3 worms (D:2)
  3 dart slugs
  4 leopard geckos
  23 orcs
  4 giant cockroaches
  14 goblins
  5 hobgoblins
  8 jackals
  7 quokkas
  3 ball pythons
  6 bats
  3 frilled lizards
  2 goblin zombies (Ossuary)
  A hobgoblin zombie (Ossuary)
  28 kobolds
  2 kobold zombies (Ossuary)
  A leopard gecko skeleton (D:6)
  2 orc zombies (Ossuary)
  3 quokka skeletons
  8 rats
  3 rat zombies (Ossuary)
  A spectral orc (D:4)
  A plant (D:2)
218 creatures vanquished.

Vanquished Creatures (others)
  A centaur (D:8)
  2 worker ants (D:4)
  An adder (D:4)
  An ooze (D:4)
  An orc (D:4)
  A ball python (D:4)
  A frilled lizard (D:4)
8 creatures vanquished.

Grand Total: 226 creatures vanquished

Notes
Turn   | Place    | Note
-------+----------+-------------------------------------------
     0 | D:1      | whitewolfNL the Minotaur Berserker began the quest for the
                  | Orb.
     0 | D:1      | Reached XP level 1. HP: 19/19 MP: 0/0
   226 | D:1      | Reached skill level 4 in Maces & Flails
   226 | D:1      | Reached XP level 2. HP: 21/27 MP: 1/1
   844 | D:2      | Reached XP level 3. HP: 26/33 MP: 2/2
   997 | D:2      | Reached ** piety under Trog
  1098 | D:2      | Found a glowing golden altar of the Shining One.
  1104 | D:2      | Found a blossoming altar of Fedhas.
  1234 | D:2      | Found a stormy altar of Qazlal.
  1483 | D:2      | Reached XP level 4. HP: 27/40 MP: 3/3
  1863 | D:3      | Noticed Jessica
  1866 | D:3      | Reached skill level 1 in Stealth
  1874 | D:3      | Killed Jessica
  1874 | D:3      | Reached skill level 5 in Maces & Flails
  1917 | D:3      | Reached XP level 5. HP: 37/46 MP: 4/4
  1958 | D:3      | Noticed Natasha
  1963 | D:3      | Killed Natasha
  1989 | D:3      | Noticed Robin
  2355 | D:3      | Reached *** piety under Trog
  2370 | D:3      | Killed Robin
  2370 | D:3      | Reached skill level 6 in Maces & Flails
  2587 | D:3      | Reached XP level 6. HP: 44/53 MP: 5/5
  2620 | D:3      | Found a snail-covered altar of Cheibriados.
  2628 | D:3      | Found a glowing silver altar of Zin.
  2718 | D:3      | Noticed Natasha
  3033 | D:3      | Noticed Ijyb
  3062 | D:3      | Killed Ijyb
  3129 | D:3      | Killed Natasha
  3267 | D:3      | Noticed Natasha
  3274 | D:3      | Killed Natasha
  3332 | D:4      | Found a staircase to the Ecumenical Temple.
  3347 | D:4      | Reached **** piety under Trog
  3357 | D:4      | Found a shimmering altar of Xom.
  3440 | D:4      | Reached skill level 7 in Maces & Flails
  3485 | D:4      | Reached XP level 7. HP: 60/60 MP: 6/6
  3643 | D:4      | Noticed Purgy
  3654 | D:4      | Killed Purgy
  3800 | D:4      | Found a basalt altar of Yredelemnul.
  3883 | D:5      | Entered Level 5 of the Dungeon
  3889 | D:5      | Found a burning altar of Makhleb.
  4036 | D:5      | Found a shattered altar of Ashenzari.
  4092 | D:5      | Reached skill level 8 in Maces & Flails
  4092 | D:5      | Reached skill level 5 in Armour
  4107 | D:5      | Found a sand-covered staircase.
  4119 | Ossuary  | Entered an ossuary
  4447 | D:5      | Reached skill level 5 in Fighting
  4457 | D:5      | Noticed a hippogriff
  4464 | D:5      | Killed a hippogriff
  4464 | D:5      | Reached XP level 8. HP: 56/68 MP: 7/7
  4759 | D:5      | Reached skill level 1 in Crossbows
  4975 | D:6      | Reached skill level 9 in Maces & Flails
  4989 | D:6      | Reached skill level 1 in Evocations
  5266 | D:6      | Reached ***** piety under Trog
  5479 | D:6      | Found a shadowy altar of Dithmenos.
  5482 | D:6      | Found a bloodstained altar of Trog.
  5691 | D:6      | Reached XP level 9. HP: 70/74 MP: 9/9
  6285 | D:7      | Reached skill level 10 in Maces & Flails
  6533 | D:7      | Found a bloodstained altar of Trog.
  6866 | D:7      | Reached skill level 1 in Shields
  6872 | D:7      | Reached skill level 5 in Dodging
  7300 | D:8      | Found Ditoig's Book Shoppe.
  7311 | D:8      | Noticed a two-headed ogre
  7325 | D:8      | Killed a two-headed ogre
  7325 | D:8      | Reached XP level 10. HP: 57/83 MP: 10/10
  7563 | D:8      | Noticed Joseph
  7577 | D:8      | HP: 2/83 [acid (15)]
  7579 | D:8      | Splashed by Joseph's acid

Skill      XL: |  1  2  3  4  5  6  7  8  9 |
---------------+----------------------------+-----
Maces & Flails | 4 5 6 7 8 9 10 | 10.7
Fighting       | 4 5 6 |  6.0
Stealth        | 1 2 3 4 |  4.0
Armour         | 3 4 6 7 9 |  9.1
Dodging        | 3 4 5 |  5.4
Crossbows      | 1 3 |  3.4
Evocations     | 1 2 |  2.5
Shields        | 2 |  2.2

Action                   |  1- 3 |  4- 6 |  7- 9 | 10-12 || total
-------------------------+-------+-------+-------+-------++-------
Melee: Mace              |    27 |       |       |       ||    27
       Headbutt          |    15 |    14 |    63 |     1 ||    93
       Whip              |    48 |   131 |   318 |    15 ||   512
       Unarmed           |       |     5 |       |       ||     5
Invok: Berserk           |       |     8 |     9 |     1 ||    18
  Use: Scroll            |     3 |     5 |    10 |     1 ||    19
       Potion            |       |       |       |     1 ||     1
 Stab: Sleeping          |     2 |       |       |       ||     2
  Eat: Chunk             |     2 |    13 |    21 |       ||    36
       Ration            |       |       |     1 |       ||     1
Armor: Animal skin       |    11 |       |       |       ||    11
       Ring mail         |     3 |       |       |       ||     3
       Scale mail        |     4 |    34 |       |       ||    38
       Chain mail        |       |    10 |   124 |     3 ||   137
       Skin              |       |    10 |       |       ||    10
Dodge: Dodged            |    31 |    68 |   109 |     1 ||   209
       Deflected         |       |       |     8 |     2 ||    10
Block: Buckler           |       |       |    46 |     7 ||    53
       Reflection        |       |       |     7 |     4 ||    11
